[Event "Marshall CC FIDE Premier April 2024"]
[Site "New York"]
[Date "2024.04.13"]
[Round "2.3"]
[White "Chen, Derek H"]
[Black "Ayyappan, Santhosh"]
[Result "0-1"]
[ECO "C84"]
[WhiteElo "2070"]
[BlackElo "1922"]
[Annotator "TA"]
[PlyCount "105"]
[EventDate "2024.02.02"]
[EventType "swiss"]
[EventCountry "USA"]
[SourceTitle "playchess.com"]
[Source "ChessBase"]
[SourceQuality "1"]
[TimeControl "5400+30"]

1. e4 e5 2. Nf3 Nc6 3. Bb5 a6 4. Ba4 Nf6 5. O-O b5 6. Bb3 Be7 7. d3 d6 8. a3 Na5 9. Ba2 c5 10. Nc3 {[%emt 0:00:09] The position is equal.} O-O 11. h3 Nc6 12. Nd5 Nxd5 13. Bxd5 Qc7 14. Nh2 Be6 15. f4 exf4 16. Bxf4 Bf6 17. c3 Bxd5 18. exd5 Ne7 19. Ng4 {[%emt 0:02:19] And now Nxf6+ would win.} Nxd5 (19... Be5 $1 $11 {remains equal.}) 20. Qf3 $16 Nxf4 21. Nxf6+ gxf6 22. Qxf4 Rae8 23. Rf3 {[%emt 0:03:13][%mdl 1024] White has strong compensation.} Qe7 24. Raf1 (24. Qxf6 $6 Qxf6 25. Rxf6 Re2 $14) 24... Qe5 {[%emt 0:01:42] [#]} 25. Qh4 $1 ({Don't play} 25. Qxf6 Qxf6 26. Rxf6 Re6 $14) 25... f5 26. d4 cxd4 27. cxd4 Qe7 28. Qh6 {[%emt 0:03:00] White wants to mate with Rg3+.} Kh8 29. Rg3 (29. Rxf5 $16 {White wants to play R1f2.} a5 30. R1f2 (30. Rxb5 Rg8 $18)) 29... Rg8 $11 30. Rxg8+ Rxg8 31. Rxf5 {[%emt 0:00:29][%mdl 4096] Endgame. KQR-KQR} Rg6 32. Qf4 Kg7 33. h4 h6 34. Qf2 Rg4 35. Rf4 Qe6 36. Rxg4+ Qxg4 {[%emt 0:00:03] KQ-KQ} 37. Kh2 Qe4 38. g3 f5 39. Qd2 Kg6 40. Qf4 d5 {[%emt 0:03:42] aiming for ...Kh5.} 41. Qd2 $1 Kh5 42. Qd1+ Qg4 43. Qe1 Qe4 $1 44. Qd1+ Kg6 45. Qd2 Kh7 (45... Kh5 $5 46. Qd1+ $8 $15) 46. Qf4 Kg7 47. Qc7+ (47. Qd6 $11 {keeps the balance.}) 47... Kg6 $17 48. Qc3 $2 {[%emt 0:06:44][%mdl 8192] White does not recover from this.} (48. Qc1 $17) 48... Kh5 $19 {[%emt 0:01:14] Black is clearly winning.} 49. Qd2 {[%emt 0:00:05] Prevents Qe2+} (49. Kg1 $142) 49... Kg4 50. Qd1+ Qf3 51. Qe1 {[%emt 0:00:01] [#]} a5 $1 52. Qg1 (52. b3 Qxb3) 52... Qe2+ 53. Kh1 {[%emt 0:00:22] Weighted Error Value: White=0.51/Black=0.06 (flawless) .  Loses game:     	White=1     	---        Mistake:       	White=3     	Black=1      Inaccurate:     	White=1     	Black=2      OK:         	White=15    	Black=17     Best:        	White=2     	Black=4      Strong:       	White=2     	Black=1} 0-1

[Event "Marshall CC FIDE Premier April 2024"]
[Site "New York"]
[Date "2024.04.13"]
[Round "2.4"]
[White "Subervi, Jonathan Sigfredo"]
[Black "Bonin, Jay"]
[Result "0-1"]
[ECO "C40"]
[WhiteElo "2043"]
[BlackElo "2146"]
[Annotator "TA"]
[PlyCount "146"]
[EventDate "2024.02.02"]
[EventType "swiss"]
[EventCountry "USA"]
[SourceTitle "playchess.com"]
[Source "ChessBase"]
[SourceQuality "1"]
[TimeControl "5400+30"]

1. e4 e5 2. Nf3 Qe7 3. Bc4 g6 4. O-O Bg7 5. d4 d6 $1 6. dxe5 dxe5 7. b3 Bg4 8. h3 {[%emt 0:00:23] White is better.} Bxf3 9. Qxf3 Nd7 {[%emt 0:00:00][%cal Bb8d7,Bd7b6,Bb6c8,Bc8d6][%mdl 32] Black is weak on the light squares} 10. Rd1 Rd8 11. a4 Qf6 12. Qe3 (12. Qd3 $18) 12... Nb6 $16 13. Rxd8+ Qxd8 14. Bd3 {[%emt 0:07:22] A strong pair of Bishops.} Bh6 15. Qg3 f6 (15... Qd4 $16 {was worth a try.} 16. c3 Qd6) 16. Bxh6 (16. Bb2 $18) 16... Nxh6 17. a5 Nc8 18. a6 b6 19. Bb5+ Kf8 20. Nc3 {[%emt 0:00:24] Inhibits Qd1+.} Kg7 21. Rd1 Nd6 22. Bc6 Nhf7 23. Nb5 Qc8 24. Ra1 (24. Nxa7 $2 Qxa6 25. Qc3 Qxa7 $19) (24. c4 $11) 24... Nxb5 $15 25. Bxb5 c6 26. Be2 Rd8 27. Qe3 Qc7 28. h4 Qd6 29. Rd1 Qc5 30. Qxc5 Rxd1+ 31. Bxd1 bxc5 $11 {[%emt 0:00:00][%mdl 4096] Endgame. KB-KN} 32. Bg4 Nd6 33. Bd7 Nxe4 34. Bxc6 Nd6 35. Kf1 Kf8 36. Ke2 Ke7 37. Bd5 Kd8 38. c4 (38. g4 $11 {keeps the balance.}) 38... Kc7 $17 39. b4 cxb4 $19 40. c5 Nf5 41. g3 Nd4+ 42. Kd3 b3 43. Kc3 g5 $2 (43... Kd7 $19 {aiming for ...Ne6.} 44. Bb7 Ne6 45. c6+ Kd6 46. Kxb3 Nd4+ 47. Kc4 Nxc6) 44. f4 $2 (44. hxg5 $11 fxg5 45. g4) 44... gxf4 $2 (44... exf4 $19 {is more deadly.} 45. hxg5 (45. Kxd4 b2 $19) 45... Ne2+ 46. Kb2 fxg5 (46... Nxg3 $2 47. gxf6 Kd8 48. c6 $18)) 45. gxf4 $17 Ne2+ 46. Kxb3 Nxf4 (46... exf4 47. Kc4 $15) 47. Be4 h6 {[%emt 0:00:00] And now ...Ne6 would win.} 48. Kc4 Ne2 (48... Kd8 $17 {Threatens to win with ...Ne6.} 49. Bh7 Ne6) 49. Bg6 Nf4 $2 (49... Nd4 $11) 50. Be4 $19 Kd7 $1 51. Bf5+ Kc6 $2 (51... Kd8 $1 $19 {White must now prevent ...Ng2.} 52. Be4 Kc7) 52. Be4+ $2 (52. Bc2 $1 $11 {and White stays safe.}) 52... Kc7 53. Kb5 {[%emt 0:01:28] [#]} Ne2 ({Black should try} 53... Ne6 $1 $17 {[%cal Of6f5] Hoping for ...f5!} 54. Kc4 Kd7) 54. Kc4 $15 Ng3 {[%emt 0:00:00] Against Bf5} 55. Bg6 f5 {[%emt 0:00:00] Strongly threatening ...f4.} 56. Kd5 f4 57. Kxe5 (57. Bd3 $5) 57... f3 58. Kf6 $2 (58. Bd3 $11) 58... f2 {[%emt 0:00:00] Black mates.} 59. Bd3 {[%emt 0:00:10] [#]} Kc6 $1 (59... f1=R+ 60. Bxf1 Nxf1 61. Kg6 $11) 60. Kg6 h5 (60... f1=R 61. Bxf1 Nxf1 62. h5 $11) 61. Kg5 Kxc5 ({And not} 61... f1=R 62. Bxf1 Nxf1 63. Kxh5 $11) 62. Kf4 f1=Q+ ({Less strong is} 62... f1=R+ 63. Kxg3 Rg1+ 64. Kh3 $17) 63. Bxf1 Nxf1 {[%emt 0:00:00] KN-KPP} 64. Kg5 Ng3 65. Kf4 {[%emt 0:00:02] [#]} Kb6 $1 66. Kxg3 Kxa6 {[%emt 0:00:00] KPP-KP} 67. Kf4 Kb5 68. Kg5 a5 69. Kxh5 a4 70. Kg6 a3 71. h5 a2 72. h6 a1=Q ({Not} 72... a1=B 73. h7 $11) 73. Kh7 Qf6 {[%emt 0:00:00] Black used his chance.   Weighted Error Value: White=0.44/Black=0.36.  Loses game:     	White=3     	---        Missed win:     	---       	Black=3      Mistake:       	White=5     	Black=4      Inaccurate:     	White=2     	Black=3      OK:         	White=20    	Black=15     Best:        	White=5     	Black=6      Strong:       	---       	Black=1} 0-1

[Event "Marshall CC FIDE Premier April 2024"]
[Site "New York"]
[Date "2024.04.13"]
[Round "2.5"]
[White "Li, Michael"]
[Black "Aravindakshan, Sahana"]
[Result "1/2-1/2"]
[ECO "B48"]
[WhiteElo "2072"]
[BlackElo "1904"]
[Annotator "TA"]
[PlyCount "97"]
[EventDate "2024.02.02"]
[EventType "swiss"]
[EventCountry "USA"]
[SourceTitle "playchess.com"]
[Source "ChessBase"]
[SourceQuality "1"]
[TimeControl "5400+30"]

1. e4 c5 2. Nf3 e6 3. d4 cxd4 4. Nxd4 Nc6 5. Nc3 Qc7 6. Be3 a6 7. g4 h6 8. Bg2 Nf6 9. Nxc6 bxc6 10. h4 h5 11. gxh5 Nxh5 ({Black should play} 11... Rb8 $1 $15) 12. Bf3 $14 Nf6 13. Qd2 Qa5 14. Ne2 Qxd2+ 15. Bxd2 d5 16. exd5 cxd5 17. Bc3 Be7 18. O-O-O g6 19. Ng3 Rh7 20. h5 gxh5 21. Bxh5 Bb7 22. Bf3 Rxh1 23. Rxh1 O-O-O 24. Bd4 Nd7 (24... Bc6 $11) 25. Kb1 {[%emt 0:01:53] White is more active.} (25. Rh7 $16) 25... Bc5 26. c3 Bxd4 27. cxd4 Nf6 {[%emt 0:00:00] Against Rh7} 28. Rh4 Kb8 29. Kc2 Ne4 30. Bxe4 dxe4 $11 {[%emt 0:00:03][%mdl 4096] Endgame. KRB-KRN} 31. Kc3 f5 32. Ne2 Kc7 33. Nf4 Kd6 34. Rh7 Rc8+ 35. Kd2 Bd5 36. Ra7 Rc6 37. Ng6 Rb6 {[%emt 0:01:16][%cal Od5b7] [#] Strongly threatening ...Bb7!} 38. Ne5 $1 Rxb2+ 39. Kc3 Rb7 40. Rxa6+ Ke7 41. Ng6+ $1 Kf6 42. Nf4 Rc7+ 43. Kd2 Bc4 44. Ra5 (44. Ra3 $11) 44... Kg5 45. Ke3 Rb7 46. Ng2 $2 {[%emt 0:01:20] [#]} (46. f3 $11 {and White stays safe.}) 46... Rb2 47. Nf4 {[%emt 0:00:20] Repels Re2+} Rxa2 $2 ({Don't play} 47... Bxa2 48. Ra3 $17) (47... Rc2 $19 {And now ...Rc3+ would win.} 48. Ra3 Kg4 (48... Bxa2 49. f3 $15) (48... Rxa2 49. Rxa2 Bxa2 50. f3 $11)) 48. Rxa2 Bxa2 49. Nh3+ {[%emt 0:00:40] Weighted Error Value: White=0.20 (precise) /Black=0.19 (very precise) .  Loses game:     	White=1     	---        Mistake:       	White=3     	Black=3      Inaccurate:     	White=3     	Black=4      OK:         	White=10    	Black=17     Best:        	White=2     	Black=1      Strong:       	White=2     	---} (49. f3 $1 $11 {remains equal.}) 1/2-1/2

[Event "Marshall CC FIDE Premier April 2024"]
[Site "New York"]
[Date "2024.04.13"]
[Round "2.6"]
[White "Muthukumar, Haari"]
[Black "Knowles, Chase"]
[Result "1-0"]
[ECO "C07"]
[WhiteElo "2048"]
[BlackElo "1978"]
[Annotator "TA"]
[PlyCount "59"]
[EventDate "2024.02.02"]
[EventType "swiss"]
[EventCountry "USA"]
[SourceTitle "playchess.com"]
[Source "ChessBase"]
[SourceQuality "1"]
[TimeControl "5400+30"]

1. e4 e6 2. d4 d5 3. Nd2 c5 4. exd5 Qxd5 5. Ngf3 cxd4 6. Bc4 Qd6 7. Qe2 Nf6 8. Nb3 Nc6 9. Bg5 Be7 10. O-O-O e5 (10... a6 $11 {remains equal.}) 11. Bb5 {[%emt 0:14:54] White has more active pieces. The black rooks are passive.} (11. Rhe1 $16) 11... O-O $1 $11 12. Rhe1 {[%emt 0:11:27][%cal Ob5c6] The position is equal.} h6 (12... Bg4 13. Bxc6 bxc6 14. Qxe5 Qxe5 15. Rxe5 $16) 13. Bh4 e4 14. Bxc6 bxc6 ({But not} 14... Qxc6 15. Nfxd4 Qb6 16. Qb5 $11) (14... d3 $1 $15 15. Rxd3 (15. Bxf6 $2 Qxc6 16. Qd2 Bxf6 $19) 15... exd3 16. Qxe7 Qxe7 (16... Qxc6 17. Nbd4 $17) 17. Rxe7 bxc6 18. Bxf6 gxf6 19. cxd3 Be6) 15. Bxf6 Bxf6 16. Qxe4 Bb7 ({Black should try} 16... Be6 $1 $15 17. Nbxd4 Bd5) 17. Nbxd4 Qc7 {[%emt 0:05:24] ...c5 would now be deadly.} 18. Qg4 (18. Nf5 $15 {deserves consideration.}) 18... c5 $17 19. Nf5 {[%emt 0:01:25][%cal Od1d7] [#]} g6 $2 {[%emt 0:08:08][%mdl 8192] Loses the game.} (19... Bc8 $1 $17 {stays on course.} 20. Qe4 (20. Nxh6+ Kh8 $11) 20... Be6) 20. Nxh6+ $18 {[%emt 0:06:39] A dynamic duo of knights.} Kh7 21. Ng5+ Kg7 {[%emt 0:01:37][%cal Ob7c8,Bh7g7,Bg7g8,Bg8f8][%mdl 32] [#] ...Bc8! is the strong threat.} 22. Nf5+ $1 Kg8 {[%emt 0:00:27] [#]} 23. Qh4 $1 Rfd8 (23... Bxg5+ 24. Qxg5) 24. Qh7+ Kf8 25. Ne6+ fxe6 26. Qxc7 Bd5 27. Nd6 {[%emt 0:02:12][%csl Gd6][%cal Rc7f7] White mates.} Bg5+ 28. Kb1 Kg8 29. Qf7+ Kh8 30. Qxg6 {[%emt 0:00:13] Weighted Error Value: White=0.27 (precise) /Black=0.91.  Loses game:     	---       	Black=1      Mistake:       	White=2     	Black=3      Inaccurate:     	White=3     	---        OK:         	White=3     	Black=2      Best:        	White=2     	Black=2      Strong:       	---       	Black=1} 1-0

[Event "Marshall CC FIDE Premier April 2024"]
[Site "New York"]
[Date "2024.04.13"]
[Round "2.7"]
[White "Jain, Vihaan"]
[Black "Ho, Carter"]
[Result "0-1"]
[ECO "B24"]
[WhiteElo "1931"]
[BlackElo "2108"]
[Annotator "RC"]
[PlyCount "86"]
[EventDate "2024.02.02"]
[EventType "swiss"]
[EventCountry "USA"]
[SourceTitle "playchess.com"]
[Source "ChessBase"]
[SourceQuality "1"]
[TimeControl "5400+30"]

1. e4 c5 2. Nf3 e6 3. d4 cxd4 4. Nxd4 Nf6 5. Nc3 Nc6 6. g3 Be7 7. Bg2 O-O 8. O-O Qc7 9. Ncb5 Qb8 10. c4 Rd8 11. Nc3 Bc5 12. Nb3 Be7 13. Bf4 d6 14. Qe2 e5 15. Be3 b6 16. Nd5 Ba6 17. Rfd1 Nxd5 18. exd5 Na5 19. Nd2 b5 20. cxb5 Bxb5 21. Qh5 Bd3 22. Ne4 Qxb2 23. Bd2 Nc4 24. Bc3 Be2 25. g4 Qa3 26. Re1 Bd3 27. Qh3 Bxe4 28. Bxe4 g6 29. Rac1 Rdc8 30. f4 Nd2 31. Bg2 Nb1 32. Rxb1 Rxc3 33. Qh6 Qc5+ 34. Kh1 Bf8 35. Qg5 Re8 36. fxe5 Rxe5 37. Rxe5 dxe5 38. Qf6 Rc1+ 39. Rxc1 Qxc1+ 40. Qf1 Qd2 41. Qb1 Bd6 42. h3 e4 43. Qb5 e3 0-1

[Event "Marshall CC FIDE Premier April 2024"]
[Site "New York"]
[Date "2024.04.13"]
[Round "2.8"]
[White "Lin, Bryan Enming"]
[Black "Gartenlaub, Corin"]
[Result "1-0"]
[ECO "B33"]
[WhiteElo "2087"]
[BlackElo "1892"]
[Annotator "RC"]
[PlyCount "87"]
[EventDate "2024.02.02"]
[EventType "swiss"]
[EventCountry "USA"]
[SourceTitle "playchess.com"]
[Source "ChessBase"]
[SourceQuality "1"]
[TimeControl "5400+30"]

1. e4 c5 2. Nf3 Nc6 3. d4 cxd4 4. Nxd4 Nf6 5. Nc3 e5 6. Ndb5 d6 7. Bg5 a6 8. Na3 b5 9. Nd5 Be7 10. Bxf6 Bxf6 11. c3 Rb8 12. Nc2 Bg5 13. a4 bxa4 14. Ncb4 Nxb4 15. cxb4 O-O 16. Rxa4 a5 17. b5 Bd7 18. Nc3 Qb6 19. Bc4 Be6 20. O-O Rbc8 21. Qe2 Kh8 22. Rd1 Rc5 23. g3 Qc7 24. Bd5 Bd7 25. Rda1 Bd8 26. Bc4 Be6 27. Bd5 Qb8 28. Bc6 Bb6 29. Kg2 f5 30. exf5 Rxf5 31. Rxa5 Bxa5 32. Rxa5 Qc7 33. Ra8+ Bg8 34. Nd5 Qf7 35. Ne3 Rf6 36. b4 Rxb5 37. Qxb5 Rxf2+ 38. Kg1 Rb2 39. Qf1 Qb3 40. Bd5 Qxe3+ 41. Kh1 h5 42. Rxg8+ Kh7 43. Qf5+ g6 44. Qxg6# 1-0

[Event "Marshall CC FIDE Premier April 2024"]
[Site "New York"]
[Date "2024.04.13"]
[Round "2.9"]
[White "Chachere, Theodore"]
[Black "Jiang, Jason"]
[Result "1/2-1/2"]
[ECO "E32"]
[WhiteElo "1897"]
[BlackElo "2005"]
[Annotator "TA"]
[PlyCount "121"]
[EventDate "2024.02.02"]
[EventType "swiss"]
[EventCountry "USA"]
[SourceTitle "playchess.com"]
[Source "ChessBase"]
[SourceQuality "1"]
[TimeControl "5400+30"]

1. d4 Nf6 2. c4 e6 3. Nc3 Bb4 4. Qc2 O-O 5. a3 Bxc3+ 6. Qxc3 b6 7. Nf3 Bb7 8. e3 d6 9. Be2 Nbd7 10. b4 c5 11. dxc5 {[%emt 0:04:31] White is slightly better.} dxc5 12. b5 Qc7 13. Bb2 Rfe8 14. O-O e5 15. Rfd1 Nf8 16. a4 (16. Nxe5 Ne4 17. Qe1 Rxe5 18. Bxe5 Qxe5 $17) 16... Ne4 17. Qc2 a5 {[%emt 0:01:42] [#]} 18. Ne1 (18. bxa6 $1 $16 Rxa6 19. Rd5) 18... Ne6 ({Better is} 18... Nd6 $11) 19. f3 $14 Nf6 20. Bd3 (20. Nd3 $14) 20... Nf8 21. Bf5 Rad8 22. Rxd8 Rxd8 23. Rd1 (23. Nd3 $14) 23... Rxd1 $11 24. Qxd1 Ne8 25. e4 f6 26. Nc2 Qd6 27. Qe2 Nc7 28. Ne3 g6 29. Bh3 Nfe6 30. Nd5 Bxd5 31. exd5 Nf4 32. Qe4 Nxh3+ 33. gxh3 {[%emt 0:00:13][%mdl 4096] Endgame. KQB-KQN} Kf7 34. Qg4 $1 Ne8 {[%emt 0:00:00] ...Qe7 would now be deadly.} 35. Qc8 Ng7 36. Qb7+ Kg8 37. Qc6 Nf5 38. Bc1 Kf7 39. Qb7+ Ne7 40. Bh6 g5 41. h4 gxh4 42. Qa8 {[%emt 0:00:16] Inhibits Qd8.} Nf5 $2 (42... Kg6 $11 43. Bf8 Kf7) 43. Qh8 $1 $18 Kg6 (43... Nxh6 $142 44. Qxh7+ Ke8) 44. Bf8 {[%emt 0:00:15] Intending Qg8+ and mate.} Qd7 45. Qg8+ Ng7 46. Qxg7+ $2 (46. d6 $18 Kf5 47. Qxh7+ (47. Bxg7 Qxd6 48. Qxh7+ Ke6 $18) (47. Qxg7 Qxg7+ 48. Bxg7 Ke6 $18) 47... Ke6 48. Qxg7 (48. Bxg7 Qxd6 49. Qg8+ Kd7 $18) 48... Qxg7+ 49. Bxg7) 46... Qxg7 $11 47. Bxg7 Kxg7 $18 {[%emt 0:00:11] KP-KP} 48. Kg2 f5 49. Kh3 Kf6 50. Kxh4 e4 $2 {[%emt 0:00:37][%mdl 8192] [#]} (50... Kg6 $11) 51. fxe4 fxe4 52. Kg3 $2 (52. Kg4 {mates} Ke5 53. Kh3 Kf6 54. Kh4 Ke5 55. Kg4 h6 56. Kg3 h5 57. Kf2) 52... Kf5 $1 $11 {[%emt 0:00:48] The position is equal.} (52... Ke5 $2 53. Kg4 h5+ 54. Kg3 $18 (54. Kxh5 e3 55. Kg6 e2 56. Kf7 Kd6 57. Kg6 e1=Q 58. Kf5 Qe3 59. Kg6 Qf2 60. Kg7 Ke5 61. h3 Qf6+ 62. Kh7 Qf7+ 63. Kh8 Kf6 64. h4 Qg7#)) 53. Kf2 Kf6 $1 54. Ke3 Ke5 55. h4 (55. h3 $5) 55... h5 56. Ke2 {[%emt 0:01:01] White threatens Ke3 and mate.} Kf5 (56... Kd4 57. d6 Kxc4 58. d7 Kb3 59. d8=Q (59. d8=B Kxa4 60. Bxb6 Kxb5 $11) 59... c4 60. Qxb6 c3 61. Qc5 (61. Qxa5 c2 62. Kd2 Kc4 63. b6 Kd4 64. b7 c1=R 65. Kxc1 e3 66. b8=Q Kd3 67. Qf5+ Ke2 68. Qbe5 Ke1 69. Qxe3#) (61. Qe6+ Kb2 62. b6 c2 63. b7 c1=N+ 64. Ke3 Nd3 65. b8=Q+ Nb4 66. Qbe5+ Kc2 67. Qc4+ Kb1 68. Qb3+ Kc1 69. Qeb2#)) 57. Kf2 (57. Ke3 $5 Ke5 $8 58. Kf2 $11 (58. d6 Kxd6 59. Kxe4 Ke6 $11)) 57... Kf6 $1 58. d6 {[%emt 0:00:39] Threatening mate with Ke3.} Ke6 59. Ke3 Kxd6 {[%emt 0:00:04] ( -> ...Ke5)} 60. Kxe4 {[%emt 0:00:11] Kf5 would kill now.} Ke6 61. Kf4 {[%emt 0:00:08] Weighted Error Value: White=0.27 (precise) /Black=0.36.  Loses game:     	---       	Black=2      Mistake:       	White=3     	Black=2      Inaccurate:     	White=1     	Black=7      OK:         	White=17    	Black=18     Best:        	White=2     	Black=3      Strong:       	White=2     	Black=2} 1/2-1/2

[Event "Marshall CC FIDE Premier April 2024"]
[Site "New York"]
[Date "2024.04.13"]
[Round "2.10"]
[White "Dong, Kyle Qiyu"]
[Black "Shvarts, Tim"]
[Result "0-1"]
[ECO "A38"]
[WhiteElo "1972"]
[BlackElo "1783"]
[Annotator "TA"]
[PlyCount "124"]
[EventDate "2024.02.02"]
[EventType "swiss"]
[EventCountry "USA"]
[SourceTitle "playchess.com"]
[Source "ChessBase"]
[SourceQuality "1"]
[TimeControl "5400+30"]

1. c4 c5 2. g3 Nf6 3. Bg2 g6 4. Nc3 Nc6 5. Nf3 Bg7 6. d4 cxd4 7. Nxd4 O-O 8. O-O Qa5 9. Nc2 d6 10. Bd2 Qh5 11. e4 Bg4 12. f3 Bh3 13. Be3 {[%emt 0:07:46] White is slightly better.} Bxg2 14. Kxg2 Rac8 15. Qd2 Rfd8 16. Nd5 (16. Rad1 $142) 16... e6 $11 17. Nf4 Qa5 18. Rfd1 Qxd2+ ({Better is} 18... g5 $1 $17 19. Ne2 g4 20. Qxa5 Nxa5) 19. Rxd2 Ne5 (19... g5 $5 20. Nd3 $8 g4 $11) 20. b3 g5 21. Nd3 {[%emt 0:02:15] [#]} Nxf3 22. Kxf3 {[%emt 0:01:48][%cal Od3f2] Nf2! would now be deadly.} g4+ 23. Kg2 Nxe4 24. Rad1 (24. Re1 $15) 24... Nxd2 25. Rxd2 b6 (25... d5 $17 26. cxd5 Rxd5) 26. Ndb4 Rd7 27. Nd4 (27. h3 $11) 27... Bf8 (27... a5 $1 $17 28. Nbc2 d5) 28. Nd3 a6 29. a4 Be7 (29... Bg7 $11) 30. Ne2 $36 {[%emt 0:03:17][%cal Od3e5][%mdl 3072] White has compensation. White is more active.} Rb7 31. Nd4 Kg7 (31... Rd7 $11 {is more appropriate.}) 32. Re2 Bf6 33. Nb4 Bxd4 (33... Be7 $11 {keeps the balance.}) 34. Bxd4+ $16 e5 35. Bf2 ({White should try} 35. Bg1 $16) 35... b5 $2 {[%emt 0:00:00][%mdl 8192] [#]} (35... Ra8 $1 $14) 36. cxb5 $1 $18 (36. Nxa6 $2 bxa4 (36... bxc4 $2 37. b4 $19) 37. b4 Rxc4 $19) 36... axb5 37. a5 {[%emt 0:00:04][%cal Ba4a5,Ba5a6,Ba6a7][%mdl 32] a6 is the strong threat.} Rc1 $2 (37... Rbc7 38. a6 Rf8) 38. a6 Rb8 39. a7 Ra8 40. Ra2 {[%emt 0:01:07] Black must now prevent Nd5.} Rc7 41. Nd5 Rd7 (41... Rb7 {was called for.} 42. Ra6 f5) 42. Bb6 Rb7 43. Nc7 (43. Kf2 $142) 43... Raxa7 44. Bxa7 (44. Rxa7 $18 {has better winning chances.} Rxb6 45. b4) 44... Rxc7 {[%emt 0:00:00][%mdl 4096] Endgame. KRB-KR} 45. Bb8 Rd7 (45... Rc6 $16 {was worth a try.}) 46. Rd2 Kf6 47. Rxd6+ (47. Bxd6 Ke6 48. Bb4 Rb7 $18) 47... Rxd6 48. Bxd6 {[%emt 0:00:02] KB-KP} Ke6 49. Bf8 Kd5 50. Ba3 f5 (50... Ke4 {keeps fighting.} 51. Bc5 Kd5) 51. Bb2 b4 $2 (51... Ke4 $16 52. Kf2 Kd5) 52. Kf2 Ke4 53. Ba1 h5 54. Bb2 (54. Ke2 $142 Kd5 55. Kd3) 54... f4 55. gxf4 $2 (55. Ke2 $18 Kf5 56. Kd3) 55... exf4 $11 56. Ke2 (56. Bc1 $11) 56... h4 $19 {[%emt 0:00:36] ( -> ...h3)} (56... g3 57. hxg3 fxg3 58. Bf6 $11) 57. Bf6 {[%emt 0:00:43] [#]} g3 $2 (57... h3 $1 {mates} 58. Kf2 g3+ 59. hxg3 f3 (59... h2 60. Kg2 $11) 60. Kg1 Ke3 61. Bg5+ Ke2 62. Kh2 f2 63. Kxh3 f1=Q+ (63... f1=R 64. Be7 $11) 64. Kg4 Qf3+ 65. Kh4 Qf5 (65... Qxb3 66. g4 Qc3 67. Be7 Qh8+ 68. Kg5 Qg7+ 69. Kh5 Qxe7 70. Kh6 b3 71. Kg6 b2 72. g5 b1=Q+ 73. Kh5 Qg1 74. Kh6 Qgxg5#) 66. Kh5 Kf3 67. Kh6 Qf7 (67... Kxg3 68. Bc1 Kg4 69. Kg7 Qe6 70. Kf8 Kf5 71. Kg7 Qd7+ 72. Kg8 Kg6 73. Bh6 Qh7+ 74. Kf8 Qf7#) 68. Bh4 Kg4 (68... Qxb3 69. Bf6 $19) 69. Bd8 Kf5 (69... Kxg3 70. Kg5 Qd5+ 71. Kf6 Qxd8+ 72. Kf7 Qd7+ 73. Kg6 Qe7 74. Kf5 Kf3 75. Kg6 Kg4 76. Kh6 Kf5 77. Kh5 Qh7#) 70. g4+ Kxg4 71. Bg5 Kf5 72. Bh4 Qg6#) 58. hxg3 $2 (58. h3 $11 f3+ 59. Ke1 (59. Kf1 Kd3 $11)) 58... f3+ {[%emt 0:01:29] Black mates.} 59. Kf2 h3 60. Kg1 Ke3 61. Bd8 f2+ 62. Kf1 h2 {[%emt 0:05:30] Black used his chance.   Weighted Error Value: White=0.74/Black=0.40.  Loses game:     	---       	Black=2      Mistake:       	White=6     	Black=10     Inaccurate:     	White=7     	Black=3      OK:         	White=15    	Black=12     Best:        	White=1     	Black=6      Strong:       	White=1     	---        Brilliant:      	---       	Black=1} 0-1

[Event "Marshall CC FIDE Premier April 2024"]
[Site "New York"]
[Date "2024.04.14"]
[Round "3.1"]
[White "Huston, Gus"]
[Black "Putnam, Liam"]
[Result "1/2-1/2"]
[ECO "E12"]
[WhiteElo "2401"]
[BlackElo "2323"]
[Annotator "TA"]
[PlyCount "107"]
[EventDate "2024.02.02"]
[EventType "swiss"]
[EventCountry "USA"]
[SourceTitle "playchess.com"]
[Source "ChessBase"]
[SourceQuality "1"]
[TimeControl "5400+30"]

1. d4 Nf6 2. c4 e6 3. Nf3 b6 4. Bf4 Bb7 5. e3 Bb4+ 6. Nbd2 O-O 7. a3 {[%emt 0:03:13] E12: Queen's Indian: Unusual White 4th moves, 4 a3, 4 Nc3 Bb7 5 a3 and 4 Nc3 Bb7 .} Bxd2+ 8. Qxd2 d6 9. h3 $146 ({Predecessor:} 9. Be2 Nbd7 10. O-O Ne4 11. Qc2 f5 12. Nd2 g5 13. Bg3 Ndf6 14. Nxe4 Nxe4 15. f3 Nxg3 16. hxg3 {0-1 Kavutskiy,K (2383)-Sadilek,P (2327) Titled Tuesday intern op 27th Sep Late blitz 2022 (10)}) 9... Nbd7 10. Bh2 Qe7 11. Be2 a5 12. O-O a4 13. Qc2 Ne4 14. Nd2 Nxd2 15. Qxd2 Qg5 16. f3 e5 17. Rae1 Rfe8 18. Bd1 exd4 19. Qxd4 (19. Bf4 $5 dxe3 20. Bxg5 exd2 21. Rxe8+ Rxe8 22. Bxa4 $17) 19... Qc5 20. Bc2 Ne5 21. Qxc5 bxc5 22. Bxe5 Rxe5 23. Rf2 Bc6 24. Rd2 g6 25. Kf2 Ree8 26. Ke2 Reb8 27. Bd1 Kg7 28. Kd3 Kf6 29. Kc3 Re8 30. h4 Re5 31. Bc2 Rae8 32. Rde2 Rh5 33. g3 Rhe5 (33... Bxf3 $2 34. Rf2 $18) 34. g4 Kg7 (34... Bxf3 $2 35. Rf2 $18) 35. e4 f6 36. b4 axb3 37. Bxb3 (37. f4 $11 R5e7 (37... bxc2 38. fxe5 Rxe5 39. Rxc2 $11) 38. Kxb3) 37... f5 ({Black should play} 37... Ra8 $17 38. Kb2 Ree8) 38. gxf5 $11 gxf5 39. Bc2 fxe4 40. Bxe4 Bd7 41. Bd3 Kf6 42. Rxe5 dxe5 43. f4 (43. Be4 $14) 43... h5 ({Much weaker is} 43... exf4 44. Rxe8 Bxe8 45. Bxh7 $14) (43... h6 $11 {keeps the balance.}) 44. Rxe5 ({Better is} 44. fxe5+ $16 Rxe5 45. Rxe5 Kxe5 46. Bg6) 44... Rxe5 $11 45. fxe5+ Kxe5 46. Bg6 Bg4 47. a4 Kd6 $1 48. Kd3 Kc6 $1 49. Ke3 (49. a5 $5 Kb7 $8 50. Ke4 $11) 49... Kb6 50. Kf4 Ka5 51. Kg5 Be2 52. Bxh5 Bxc4 53. Bg6 Be2 $1 54. h5 1/2-1/2